 Dungeon Crawl Stone Soup version 0.31-a0-818-ge7c7cf7 (webtiles) character file.

Game seed: 12669905816035087553

49 bernkastel the Chopper (level 3, -1/34 HPs)
             Began as a Hill Orc Berserker on Sept 22, 2023.
             Was a Follower of Trog.
             Slain by an orc wizard
             ... wielding a +0 dagger
              (3 damage)
             ... on level 3 of the Dungeon.
             The game lasted 00:09:36 (749 turns).

bernkastel the Chopper (Hill Orc Berserker)          Turns: 749, Time: 00:09:38

Health: -1/34      AC:  9    Str: 21    XL:     3   Next: 75%
Magic:  3/3        EV: 11    Int:  7    God:    Trog [*.....]
Gold:   19         SH:  0    Dex: 10    Spells: 2/2 levels left

rFire   . . .        a - +0 hand axe
rCold   . . .        (no shield)
rNeg    . . .        d - +0 ring mail
rPois   .            f - +0 helmet
rElec   .            (no cloak)
rCorr   .            l - +0 pair of gloves
SInv    .            o - +1 pair of boots {Stlth+}
Will    .....        (no amulet)
Stlth   +            (no ring)
HPRegen 0.25/turn    (no ring)
MPRegen 0.08/turn

%: no passive effects
@: no status effects
A: no striking features
a: Renounce Religion, Berserk


You were on level 3 of the Dungeon.
You worshipped Trog.
Trog was aware of your devotion.
You visited 1 branch of the dungeon, and saw 4 of its levels.

You collected 19 gold pieces.

Inventory:

Hand Weapons
 a - a +0 hand axe (weapon)
 e - a +0 trident
 g - a +0 whip
Missiles
 n - 6 poisoned darts
Armour
 b - a +0 animal skin
 d - a +0 ring mail (worn)
 f - a +0 helmet (worn)
 l - a +0 pair of gloves (worn)
 o - a +1 pair of boots of stealth (worn)
Scrolls
 h - 2 scrolls of identify {unknown}
 i - a scroll of enchant weapon {unknown}
 m - a scroll of vulnerability {unknown}
Potions
 c - a potion of cancellation {unknown}
 j - a potion of heal wounds {unknown}
 k - a potion of magic {unknown}
 p - a potion of ambrosia {unknown}
 q - a potion of berserk rage {unknown}


   Skills:
 + Level 4.4 Fighting
 + Level 4.9 Axes
 + Level 2.3 Armour
 + Level 2.0 Dodging
 + Level 0.1 Stealth


You had 2 spell levels left.
You didn't know any spells.
Your spell library was empty.

Dungeon Overview and Level Annotations

Branches:
Dungeon (4/15)
 Temple: D:4-7

Altars:
Qazlal

Shops:
D:2 !


Message History

You are no longer poisoned.
You see here a +0 ring mail.
A gnoll comes into view. It is wielding a +0 whip.
A gnoll comes into view. It is wielding a +0 halberd.
Found a scale mail.
The gnoll shouts! x2; You hear a shout! x2
A gnoll comes into view. It is wielding a +0 halberd.
The gnoll closely misses you. The gnoll barely misses you.
A hobgoblin comes into view.
The gnoll closely misses you.
You hit the gnoll.
The gnoll is moderately wounded.
The gnoll closely misses you. The gnoll completely misses you. x2
You hit the gnoll.
The gnoll is severely wounded.
The gnoll hits you with a +0 whip! The gnoll hits you but does no damage.
The gnoll hits you from afar with a +0 halberd!
* * * LOW HITPOINT WARNING * * *
You slash the gnoll!
You kill the gnoll!
Trog accepts your kill. The gnoll barely misses you. The gnoll misses you.
The gnoll closely misses you.
The gnoll hits you from afar with a +0 halberd!
* * * LOW HITPOINT WARNING * * *
Your Dodging skill increases to level 2!
The gnoll barely misses you. The gnoll closely misses you.
There is a stone staircase leading up here.
The hobgoblin hits you.
* * * LOW HITPOINT WARNING * * *
You climb upwards.
You hear the sound of rushing water.
There is an entrance to a sewer on this level.
Hurry and find it before the portal rusts away!
You hear the slow rusting of a very distant drain.
There is a stone staircase leading down here.
The hobgoblin hits you.
* * * LOW HITPOINT WARNING * * *
The orc wizard hits you with a +0 dagger.
You die...

....# ....#....#
....#....#
..(.#....#
.#'#.....#
.#.#.....#
...#.....#
...##.############
...............g@#
#..##.##########o#
#..##.# #.#
#..##.# #o#
#..##.# #.#
#..##.. .o#
#..#### #o# #l.#
... ...


You could see an orc wizard, 3 orcs and a hobgoblin.

Vanquished Creatures
  A gnoll (D:4)
  2 adders
  A ball python (D:1)
  2 bats (D:1)
  3 goblins
  5 hobgoblins
  A quokka (D:2)
  3 frilled lizards (D:1)
  A kobold (D:2)
  2 rats
21 creatures vanquished.

Notes
Turn   | Place    | Note
-------+----------+-------------------------------------------
     0 | D:1      | bernkastel the Hill Orc Berserker began the quest for the
                  | Orb.
     0 | D:1      | Reached XP level 1. HP: 19/19 MP: 1/1
   116 | D:1      | Reached XP level 2. HP: 24/27 MP: 2/2
   390 | D:2      | Found a stormy altar of Qazlal.
   578 | D:2      | Reached XP level 3. HP: 31/33 MP: 3/3
   606 | D:2      | Found Uramoe Muir's Distillery.
   749 | D:3      | Slain by an orc wizard

Illustrated notes

Levels and vault maps discovered:
D:1:      spicycebolla_green_bress_n_ham_2, layout_loops_ring
D:2:      layout_loops_cross, basic_altar, serial_shops, nicolae_shop_peninsula
D:3:      layout_basic, mainiacjoe_overflow_six_doors_small, minitemple,
          ebering_ecumenical_altar_ruins, cheibrodos_sewer_entry_drain
D:4:      layout_rooms, demons_altar, minmay_temple_entry_arrows

Skill      XL: |  1  2  3 |
---------------+----------+-----
Fighting       | 4 |  4.4
Dodging        | 2 |  2.0
Axes           | |  4.9
Armour         | |  2.3
Stealth        | |  0.1

Action                     || total
---------------------------++-------
  Melee: Hand axe          ||    77
   Stab: Sleeping          ||     1
 Armour: Animal skin       ||    19
         Ring mail         ||    34
  Dodge: Dodged            ||    64

Table legend: (Time is in decaauts)
 A = Elapsed time spent in this place.
 B = Non-inter-level travel time spent in this place.
 C = Inter-level travel time spent in this place.
 D = Time resting spent in this place.
 E = Time spent auto-exploring this place.
 F = Levels seen in this place.
 G = Mean time per level.
                   A        B        C        D        E       F      G
               +--------+--------+--------+--------+--------+-----+--------+
         Total |    756 |    286 |    470 |      0 |      0 |   4 |  189.0 |
       Dungeon |    756 |    286 |    470 |      0 |      0 |   4 |  189.0 |
               +--------+--------+--------+--------+--------+-----+--------+

Top non-repeatable levels by time:
     D:1: 385 daAuts
     D:2: 273 daAuts
     D:4: 53 daAuts
     D:3: 43 daAuts
